 Dungeon Crawl Stone Soup version 0.30-a0-528-g8c47a4955b (webtiles) character file.

Game seed: 2290193737781661412

3372 NaturalState the Cleaver (level 10, -6/64 HPs)
             Began as a Gargoyle Fighter on Dec 23, 2022.
             Was an Initiate of Gozag.
             Mangled by a spriggan
             ... wielding the +4 scimitar of the Mind {pain, *Noise rCorr Int+5}
              (16 damage)
             ... in a bailey.
             The game lasted 00:28:19 (6761 turns).

NaturalState the Cleaver (Gargoyle Fighter)         Turns: 6761, Time: 00:28:19

Health: -6/64      AC: 18    Str: 23    XL:     10   Next: 3%
Magic:  10/10      EV: 11    Int: 10    God:    Gozag
Gold:   690        SH:  5    Dex:  9    Spells: 9/9 levels left

rFire   + + .      SeeInvis .    y - +2 morningstar (venom)
rCold   . . .      Faith    .    c - +0 buckler
rNeg    + + .      Spirit   .    j - +1 leather armour "Vaokli Foek" {rElec rPois Slay+3}
rPois   ∞          Reflect  .    x - +1 helmet
rElec   +          Harm     .    (no cloak)
rCorr   .          Rampage  .    i - +0 pair of gloves
Will    .....                    k - +2 pair of boots of the Tired Loafs {rF++ rN+ Stlth-} Stlth
                                 (no amulet)
HPRegen 0.30/turn                (no ring)
MPRegen 0.12/turn                (no ring)

@: no status effects
A: sickness immunity, AC +7, negative energy resistance 1, electricity
resistance, torment resistance 1, petrification resistance
a: Renounce Religion, Potion Petition, Call Merchant, Bribe Branch


You were in a bailey.
You worshipped Gozag.
Gozag was pleased with you.
You visited 1 branch of the dungeon, and saw 8 of its levels.
You also visited: Bailey.

You collected 1054 gold pieces.
You paid 364 gold pieces to Gozag.

Inventory:

Hand Weapons
 a - a +0 vorpal war axe
 h - a +0 vampiric whip
 n - the +1 dagger "Simuin" {drain, rF+ Dex+3}
   (You found it on level 2 of the Dungeon)

   A truly terrible weapon, it drains the life of any living foe it strikes.
   Dex:       It affects your dexterity (+3).
   rF:        It protects you from fire.
 y - a +2 morningstar of venom (weapon)
Missiles
 f - 2 javelins (quivered)
 l - 2 throwing nets
 p - 9 boomerangs
Armour
 b - a +0 scale mail
 c - a +0 buckler (worn)
 i - a +0 pair of gloves (worn)
 j - the +1 leather armour "Vaokli Foek" (worn) {rElec rPois Slay+3}
   (You found it on level 2 of the Dungeon)

   Slay:      It affects your accuracy & damage with ranged weapons and melee
   (+3).
   rElec:     It insulates you from electricity.
   rPois:     It protects you from poison.
 k - the +2 pair of boots of the Tired Loafs (worn) {rF++ rN+ Stlth-}
   (You acquired it on level 8 of the Dungeon)

   rF:        It greatly protects you from fire.
   rN:        It protects you from negative energy.
   Stlth:     It makes you less stealthy.
 r - a +0 scale mail of fire resistance
 x - a +1 helmet (worn)
Jewellery
 C - a ring of flight
Wands
 d - a wand of polymorph (7)
 q - a wand of flame (19)
 s - a wand of charming (1)
 z - a wand of roots (22)
 D - a wand of mindburst (16)
Scrolls
 e - 12 scrolls of identify {unknown}
 g - 4 scrolls of fear
 t - 2 scrolls of teleportation
 u - a scroll of enchant armour
 v - a scroll of blinking {unknown}
 w - 3 scrolls of brand weapon
 B - 2 scrolls of magic mapping
Potions
 m - a potion of brilliance
 o - a potion of curing


   Skills:
 + Level 7.8 Fighting
 * Level 8.5 Axes
 - Level 4.0 Throwing
 - Level 3.2 Armour
 - Level 1.1 Dodging
 - Level 0.1 Stealth
 + Level 7.9 Shields
 - Level 0.5 Unarmed Combat


You had 9 spell levels left.
You didn't know any spells.
Your spell library contained the following spells:

 Spells                   Type           Power      Damage    Failure   Level
 Sting                    Tmut/Pois      0%         1d3       47%         1
 Ensorcelled Hibernation  Hex/Ice        0%         N/A       63%         2
 Passwall                 Tmut/Erth      0%         N/A       63%         2
 Poisonous Vapours        Pois/Air       0%         N/A       63%         2
 Swiftness                Air            0%         N/A       85%         3
 Olgreb's Toxic Radiance  Pois           0%         N/A       99%         4


Dungeon Overview and Level Annotations

Branches:
Dungeon (8/15)             Temple (0/1) D:7            Lair (0/5) D:8
 Bailey (1/1)

Altars:
Ashenzari
Dithmenos
Gozag
Makhleb
Trog
Xom

Shops:
D:1 *((*(   D:3 *

Annotations:
D:1 1 transporter
D:3 3 runed translucent doors, SkeletonJelly's ghost, weakling DrMo
D:5 2 transporters, ragingrage's ghost, amateur NaWr
D:7 3 runed translucent doors, anonymousknight's ghost, novice GnTm
D:8 Gastronok


Innate Abilities, Weirdness & Mutations

You are immune to sickness and miasma.
Your stone body is resilient. (AC +7)
You are immune to poison.
You resist negative energy. (rN+)
You are resistant to electric shocks. (rElec)
You are resistant to unholy torment.
You are immune to petrification.


Message History

You slash the spriggan!
The spriggan is heavily wounded.
The spriggan hits you with a +2 morningstar of venom!
You closely miss the spriggan.
The spriggan is heavily wounded.
The spriggan barely misses you.
You miss the spriggan.
The spriggan is heavily wounded.
The spriggan hits you but does no damage.
You slash the spriggan!
You kill the spriggan!
You have reached level 10!
You now have 690 gold pieces (gained 6).
m - a potion of brilliance;
v - a scroll labelled ZEUWNU YTOXAT You see here a +2 morningstar of venom.
y - a +2 morningstar of venom
Okay, then.
Your +2 morningstar of venom begins to drip with poison!
y - a +2 morningstar of venom (weapon)
Okay, then.
You start resting.
A spriggan comes into view.
It is wielding the +4 scimitar of the Mind {pain, *Noise rCorr Int+5}.
The spriggan shouts!
You hear an angry hiss.
The spriggan drinks a potion.
The spriggan seems to grow stronger.
You hit the spriggan.
The spriggan is lightly wounded.
The spriggan hits you with the +4 scimitar of the Mind {pain, *Noise rCorr Int+5}!
You block the spriggan's attack.
You closely miss the spriggan.
The spriggan is lightly wounded.
The spriggan hits you with the +4 scimitar of the Mind {pain, *Noise rCorr Int+5}!
You hit the spriggan but do no damage.
The spriggan is poisoned.
The spriggan is lightly wounded.
The spriggan hits you with the +4 scimitar of the Mind {pain, *Noise rCorr Int+5}!
* * * LOW HITPOINT WARNING * * *
You writhe in agony.
* * * LOW HITPOINT WARNING * * *
The spriggan hits you with the +4 scimitar of the Mind {pain, *Noise rCorr Int+5}!
You die...
Your body crumbles into a pile of gold.

#....∩...∩....#
##........)..##
##...).....##
###~~~)~###
#~~~)~#
##~~~~~##
##.......##
##.........##
##.@#####♣♣..##
##.i♣# #♣..##
##..## ##..##
#..## ##..#
#..# #..# #..#
#..# #..# #..#
#..♣ ♣..# #..#
♣O.#


You could see a spriggan (strong, very poisoned).

Vanquished Creatures
  Grinder (D:3)
  2 spriggans (Bailey)
  Sigmund (D:2)
  A water moccasin (D:6)
  An orc warrior (D:6)
  3 sky beasts
  2 black bears (D:7)
  4 ice beasts
  4 ogres (Bailey)
  2 bullfrogs
  A necrophage (D:7)
  3 scorpions
  3 wights (D:7)
  2 howler monkeys (D:7)
  A jelly (D:7)
  5 hounds
  4 orc priests
  2 gnoll boudas (D:5)
  Ijyb (D:3)
  Jessica (D:2)
  An iguana (D:5)
  2 orc wizards
  7 gnolls
  7 adders
  3 white imps
  An ufetubus (D:6)
  A worm (D:3)
  2 dart slugs
  27 orcs
  2 ball pythons
  2 bats (D:2)
  8 endoplasms
  4 giant cockroaches
  9 goblins
  5 hobgoblins
  7 kobolds
  4 quokkas
  5 frilled lizards
  A rat (D:1)
142 creatures vanquished.

Notes
Turn   | Place    | Note
-------+----------+-------------------------------------------
     0 | D:1      | NaturalState the Gargoyle Fighter began the quest for the
                  | Orb.
     0 | D:1      | Reached XP level 1. HP: 14/14 MP: 1/1
    23 | D:1      | Found Jacupp's Assorted Antiques.
    47 | D:1      | Found Pemuc's Weapon Shoppe.
    95 | D:1      | Reached skill level 2 in Axes
   141 | D:1      | Reached XP level 2. HP: 19/19 MP: 2/2
   269 | D:1      | Found Cesuh's Weapon Shop.
   320 | D:1      | Found Impipsash's Assorted Antiques.
   416 | D:1      | Found Ahohang's Weapon Boutique.
   439 | D:1      | Reached XP level 3. HP: 23/23 MP: 3/3
   588 | D:2      | Noticed Jessica
   598 | D:2      | Killed Jessica
   606 | D:2      | Identified the +1 leather armour "Vaokli Foek" {rElec rPois
                  | Slay+3}
   674 | D:2      | Reached XP level 4. HP: 29/29 MP: 4/4
   769 | D:2      | Reached skill level 3 in Axes
   769 | D:2      | Identified the +1 dagger "Simuin" {drain, rF+ Dex+3}
   822 | D:2      | Noticed Sigmund
   918 | D:2      | Killed Sigmund
   919 | D:2      | Reached skill level 1 in Dodging
   919 | D:2      | Reached XP level 5. HP: 25/34 MP: 5/5
   943 | D:2      | Reached XP level 6. HP: 35/39 MP: 6/6
  1564 | D:3      | Noticed Ijyb
  1589 | D:3      | Killed Ijyb
  1740 | D:3      | Found an opulent altar of Gozag.
  1743 | D:3      | Became a worshipper of Gozag Ym Sagoz the Greedy
  1754 | D:3      | Found a broken altar of Ashenzari.
  1891 | D:3      | Found Reskiod's General Store.
  1913 | D:3      | Noticed Grinder
  1918 | D:3      | Paralysed by Grinder for 5 turns
  1928 | D:3      | Killed Grinder
  1929 | D:3      | Reached skill level 4 in Axes
  1929 | D:3      | Reached skill level 1 in Throwing
  1929 | D:3      | Reached skill level 5 in Shields
  1929 | D:3      | Reached XP level 7. HP: 33/44 MP: 7/7
  2135 | D:3      | Found a runed translucent gate.
  2135 | D:3      | Found a runed translucent gate.
  2136 | D:3      | Found a runed translucent gate.
  2137 | D:3      | Noticed SkeletonJelly's ghost (weakling DrMo)
  2193 | D:3      | Found a bloodstained altar of Trog.
  2279 | D:4      | Found a burning altar of Makhleb.
  2329 | D:4      | HP: 2/44 [orc priest/divine providence (12)]
  2352 | D:4      | Reached skill level 5 in Fighting
  3150 | D:5      | Entered Level 5 of the Dungeon
  3178 | D:4      | Reached skill level 5 in Axes
  3641 | D:5      | Reached XP level 8. HP: 45/50 MP: 8/8
  3655 | D:5      | Found a shimmering altar of Xom.
  3723 | D:5      | Identified the +6 dagger "Ycat" {flame, Will+}
  3857 | D:5      | Noticed a hornet
  3863 | D:5      | Noticed ragingrage's ghost (amateur NaWr)
  3934 | D:5      | Found a transporter.
  3939 | D:5      | Found a transporter.
  3988 | D:5      | Identified the +1 leather armour "Fimepew" {rC- rCorr Str+7
                  | Dex+4}
  4359 | D:6      | Reached skill level 6 in Axes
  5331 | D:7      | Found a staircase to the Ecumenical Temple.
  5390 | D:7      | Reached XP level 9. HP: 43/56 MP: 9/9
  5742 | D:7      | Reached skill level 7 in Axes
  5952 | D:7      | Found a shadowy altar of Dithmenos.
  6085 | D:7      | Found a runed translucent gate.
  6088 | D:7      | Found a runed translucent gate.
  6088 | D:7      | Found a runed translucent gate.
  6089 | D:7      | Noticed anonymousknight's ghost (novice GnTm)
  6184 | D:8      | Identified a scroll of acquirement
  6184 | D:8      | Acquired the +2 pair of boots of the Tired Loafs {rF++ rN+
                  | Stlth-}
  6236 | D:8      | Noticed Gastronok
  6417 | D:8      | Found a flagged portal.
  6435 | Bailey   | Entered a bailey
  6522 | Bailey   | Reached skill level 8 in Axes
  6737 | Bailey   | Reached XP level 10. HP: 49/64 MP: 10/10
  6755 | Bailey   | Identified the +4 scimitar of the Mind {pain, *Noise rCorr
                  | Int+5}
  6761 | Bailey   | Mangled by a spriggan

Illustrated notes

Levels and vault maps discovered:
D:1:      spicycebolla_arrival_risky_transporter, layout_rooms, serial_shops,
          shop, shop, nicolae_square_shop, nicolae_shop_trees, shop
D:2:      layout_basic, uniq_sigmund, uniq_jessica
D:3:      minmay_door_path, layout_basic, mainiacjoe_overflow_swirl,
          mainiacjoe_overflow_alcove_4, serial_shops, shop,
          gammafunk_ghost_necromancy, uniq_ijyb, uniq_grinder
D:4:      layout_loops_cross, mainiacjoe_overflow_small_starburst
D:5:      layout_rooms, xom_teletrap_fun, gammafunk_ghost_hive
D:6:      layout_basic
D:7:      layout_rooms, nicolae_dithmenos_shadow_blocks,
          minmay_temple_entry_grid, serial_glass, glass_columns_a,
          glass_columns_b, gammafunk_ghost_nasty_kobolds,
          minmay_chambers_of_fives
D:8:      layout_cave_pods, grunt_temple_overflow_forces_of_nature,
          mainiacjoe_overflow_six_doors_small, lair_entry_dummy, enter_bailey_4,
          uniq_gastronok, uniq_grum, uniq_maggie
Bailey:   bailey_polearm_enchanted_keep_hellmonk, bailey

Skill      XL: |  1  2  3  4  5  6  7  8  9 |
---------------+----------------------------+-----
Axes           | 2 3 4 5 6 8 |  8.5
Shields        | 4 5 6 7 |  7.9
Fighting       | 4 5 6 7 |  7.8
Dodging        | 1 |  1.1
Throwing       | 1 2 3 4 |  4.0
Armour         | |  3.2
Stealth        | |  0.1
Unarmed Combat | |  0.5

Action                   |  1- 3 |  4- 6 |  7- 9 | 10-12 || total
-------------------------+-------+-------+-------+-------++-------
Melee: War axe           |    27 |       |    60 |       ||    87
       Whip              |    49 |    87 |   499 |       ||   635
       Unarmed           |       |     8 |       |       ||     8
       Morningstar       |       |       |       |     3 ||     3
Throw: Javelin           |       |       |     4 |       ||     4
Invok: Potion Petition   |       |       |     1 |       ||     1
  Use: Potion            |       |     6 |     6 |       ||    12
       Scroll            |       |       |     9 |       ||     9
 Stab: Invisible         |       |       |     1 |       ||     1
Armor: Scale mail        |    27 |       |       |       ||    27
       Leather armour    |     9 |    39 |   256 |       ||   304
Dodge: Dodged            |    38 |    50 |   270 |       ||   358
Block: Buckler           |    23 |    18 |   120 |     1 ||   162

Table legend: (Time is in decaauts)
 A = Elapsed time spent in this place.
 B = Non-inter-level travel time spent in this place.
 C = Inter-level travel time spent in this place.
 D = Time resting spent in this place.
 E = Time spent auto-exploring this place.
 F = Levels seen in this place.
 G = Mean time per level.
                   A        B        C        D        E       F      G
               +--------+--------+--------+--------+--------+-----+--------+
         Total |   6773 |   6602 |    171 |   1207 |   3177 |   9 |  752.6 |
       Dungeon |   6436 |   6265 |    171 |   1007 |   3177 |   8 |  804.5 |
        Bailey |    337 |    337 |      0 |    200 |      0 |   1 |  337.0 |
               +--------+--------+--------+--------+--------+-----+--------+

Top non-repeatable levels by time:
     D:4: 1204 daAuts
     D:7: 1151 daAuts
     D:3: 973 daAuts
     D:6: 959 daAuts
     D:5: 702 daAuts
     D:1: 661 daAuts
     D:2: 651 daAuts
  Bailey: 337 daAuts
     D:8: 132 daAuts
